 Dungeon Crawl Stone Soup version 0.31-a0-1570-g93c622d222 (webtiles) character file.

Game seed: 7951282677615113591

1054 jlumianski the Ruffian (level 8, -2/60 HPs)
             Began as a Gnoll Shapeshifter on Jan 3, 2024.
             Was a Follower of Wu Jian.
             Slain by an orc warrior
             ... wielding a +0 mace
              (6 damage)
             ... on level 6 of the Dungeon.
             The game lasted 00:16:09 (4388 turns).

jlumianski the Ruffian (Gnoll Shapeshifter)         Turns: 4388, Time: 00:16:09

Health: -2/60      AC:  5    Str: 16    XL:     8   Next: 26%
Magic:  12/12      EV: 12    Int: 10    God:    Wu Jian [*.....]
Gold:   252        SH:  0    Dex: 11    Spells: 13/13 levels left

rFire   . .          .
                       - Unarmed
rCold   . . .        (no shield)
rNeg    . . .        o - +0 ring mail
rPois   +            r - melded +0 helmet
rElec   .            B - melded scarf {repulsion}
rCorr   .            (gloves currently unavailable)
SInv    .            G - melded +0 pair of boots
Will    .....        (no amulet)
Stlth   +            i - ring of poison resistance
HPRegen 0.30/turn    (no ring)
MPRegen 0.13/turn

%: no passive effects
@: beast-form
A: beast (slay +4), fangs 1, strong nose, distributed training
a: Begin Untransformation, Renounce Religion


You were on level 6 of the Dungeon.
You worshipped Wu Jian.
Wu Jian was aware of your devotion.
You were a hulking beast.
You visited 2 branches of the dungeon, and saw 7 of its levels.

You collected 252 gold pieces.

Inventory:

Missiles
 l - 11 boomerangs (quivered)
Armour
 a - a +0 animal skin
 e - a +0 leather armour
 o - a +0 ring mail (worn)
 r - a +0 helmet (melded)
 A - a +0 cloak
 B - a scarf of repulsion (melded)
 G - a +0 pair of boots (melded)
Magical Staves
 E - a staff of fire
Jewellery
 i - a ring of poison resistance (left hand)
Talismans
 c - a beast talisman (active)
 d - a flux talisman
 m - a maw talisman
Scrolls
 f - a scroll of teleportation
 h - a scroll of butterflies
 j - a scroll of brand weapon {unknown}
 q - a scroll of vulnerability
 s - a scroll of enchant weapon {unknown}
 t - a scroll of revelation {unknown}
 v - a scroll of enchant armour {unknown}
 x - a scroll of fear {unknown}
 y - a scroll of acquirement {unknown}
 z - a scroll of torment {unknown}
 C - a scroll of poison {unknown}
Potions
 b - 2 potions of lignification
 g - 3 potions of haste
 k - 2 potions of attraction
 n - a potion of curing
 p - 2 potions of might
 u - 4 potions of brilliance
 w - a potion of berserk rage
 D - 2 potions of invisibility
 F - 2 potions of ambrosia


   Skills:
 + Level 4.2 Fighting
 + Level 3.2 Short Blades
 + Level 3.2 Long Blades
 + Level 3.2 Axes
 + Level 3.2 Maces & Flails
 + Level 3.2 Polearms
 + Level 3.2 Staves
 + Level 3.2 Ranged Weapons
 + Level 3.2 Throwing
 + Level 3.2 Armour
 + Level 5.6 Dodging
 + Level 3.2 Stealth
 + Level 3.2 Shields
 + Level 7.3 Unarmed Combat
 + Level 3.2 Spellcasting
 + Level 2.6 Conjurations
 + Level 2.6 Hexes
 + Level 2.6 Summonings
 + Level 2.6 Necromancy
 + Level 2.6 Translocations
 + Level 2.6 Fire Magic
 + Level 2.6 Ice Magic
 + Level 2.6 Air Magic
 + Level 2.6 Earth Magic
 + Level 2.6 Alchemy
 + Level 3.5 Invocations
 + Level 3.2 Evocations
 + Level 7.2 Shapeshifting


You had 13 spell levels left.
You didn't know any spells.
Your spell library contained the following spells:

 Spells                   Type           Power      Damage    Failure   Level
 Magic Dart               Conj           24%        1d4       17%         1
 Blink                    Tloc           12%        N/A       26%         2
 Call Imp                 Summ           12%        N/A       26%         2
 Ensorcelled Hibernation  Hex/Ice        12%        N/A       26%         2
 Call Canine Familiar     Summ           6%         N/A       45%         3
 Fugue of the Fallen      Necr           6%         N/A       45%         3
 Gell's Gravitas          Tloc           6%         N/A       45%         3
 Sigil of Binding         Hex            6%         N/A       45%         3
 Teleport Other           Tloc           6%         N/A       45%         3
 Anguish                  Hex/Necr       3%         N/A       86%         4
 Animate Dead             Necr           6%         N/A       86%         4
 Dimensional Bullseye     Hex/Tloc       3%         N/A       86%         4
 Borgnjor's Vile Clutch   Necr/Erth      3%         N/A       99%         5
 Death Channel            Necr           3%         N/A       100%        6
 Dispersal                Tloc           3%         N/A       100%        6


Dungeon Overview and Level Annotations

Branches:
Dungeon (6/15)             Temple (1/1) D:4

Altars:
Ashenzari
Cheibriados
Dithmenos
Elyvilon
Fedhas
Gozag
Hepliaklqana
Kikubaaqudgha
Makhleb
Okawaru
Qazlal
Ru
Sif Muna
Trog
Uskayaw
Vehumet
Wu Jian
Xom
Yredelemnul
Zin
The Shining One

Annotations:
D:3 1 runed translucent door, Crazy Yiuf


Innate Abilities, Weirdness & Mutations

You are a hulking beast.
Your limbs bulge with bestial killing power. (Slay +4)
You have very sharp teeth.
Your uncanny sense of smell can sniff out nearby items.
Your experience applies equally to all skills.


Message History

The orc warrior closely misses you. The orc attacks as it pursues you!
The orc hits you with a +0 club.
There is a shimmering altar of Xom here.
The gnoll shouts!
You spin and attack the orc warrior.
You hit the orc warrior.
The orc warrior is moderately wounded.
The orc wizard gestures wildly while chanting.
The orc wizard flickers and vanishes!
Deactivating autopickup; reactivate with Ctrl-A.
The orc warrior hits you with a +0 mace.
You see here an iguana corpse.
The orc warrior attacks as it pursues you!
The orc warrior hits you with a +0 mace.
Okay, then.
Okay, then.
You lunge at the orc warrior.
You completely miss the orc warrior. Your punch misses the orc warrior.
The orc warrior is moderately wounded.
The orc warrior hits you with a +0 mace.
You hit the orc warrior but do no damage.
You bite the orc warrior, but do no damage.
The orc warrior is moderately wounded.
The orc warrior closely misses you.
You hit the orc warrior.
The orc warrior is moderately wounded.
The orc warrior barely misses you.
You punch the orc warrior!
The orc warrior is heavily wounded.
The orc warrior barely misses you.
You completely miss the orc warrior.
The orc warrior is heavily wounded.
The orc warrior hits you with a +0 mace!
You hit the orc warrior but do no damage.
The orc warrior is heavily wounded.
The orc warrior hits you with a +0 mace!
* * * LOW HITPOINT WARNING * * *
You hit the orc warrior.
The orc warrior is severely wounded.
The orc warrior hits you with a +0 mace.
You die...

#####.....######..
#..†.............
#.###.....#.$.##..
#.# #.......#.....
#.# ##........##
#.# #.......?# #.#
##..{.._.#.g.. #.#
#.o.g.....##.# #h#
#._..⌠....# # #o#
#.........#
#o###........##
#Sg.oo..._...#
#####......###
#.###.### #.# ...
#.###.###
##...#########


You could see an orc warrior, a gnoll, an adder and an orc.

Vanquished Creatures
  Sigmund (D:3)
  A water moccasin (D:5)
  A sky beast (D:6)
  2 scorpions
  A bombardier beetle (D:5)
  5 hounds
  A jelly (D:5)
  A sleepcap (D:5)
  3 iguanas
  Robin (D:3)
  8 gnolls (D:5)
  7 adders
  8 ribbon worms
  2 dart slugs
  5 orcs (D:6)
  2 ball pythons
  5 bats
  3 endoplasms
  2 giant cockroaches
  15 goblins
  6 hobgoblins
  4 jackals (D:1)
  7 kobolds
  2 quokkas
  A frilled lizard (D:3)
  6 rats
100 creatures vanquished.

Notes
Turn   | Place    | Note
-------+----------+-------------------------------------------
     0 | D:1      | jlumianski the Gnoll Shapeshifter began the quest for the
                  | Orb.
     0 | D:1      | Reached XP level 1. HP: 17/17 MP: 1/1
    83 | D:1      | Reached XP level 2. HP: 23/23 MP: 2/2
   459 | D:2      | Reached XP level 3. HP: 28/28 MP: 3/3
   928 | D:2      | Reached skill level 1 in Invocations
  1418 | D:4      | Reached skill level 1 in Short Blades
  1418 | D:4      | Reached skill level 1 in Long Blades
  1418 | D:4      | Reached skill level 1 in Axes
  1418 | D:4      | Reached skill level 1 in Maces & Flails
  1418 | D:4      | Reached skill level 1 in Polearms
  1418 | D:4      | Reached skill level 1 in Staves
  1418 | D:4      | Reached skill level 1 in Ranged Weapons
  1418 | D:4      | Reached skill level 1 in Throwing
  1418 | D:4      | Reached skill level 1 in Armour
  1418 | D:4      | Reached skill level 1 in Stealth
  1418 | D:4      | Reached skill level 1 in Shields
  1418 | D:4      | Reached skill level 1 in Spellcasting
  1418 | D:4      | Reached skill level 1 in Evocations
  1418 | D:4      | Reached XP level 4. HP: 34/34 MP: 5/5
  1522 | D:3      | Found a runed translucent door.
  1523 | D:3      | Noticed Crazy Yiuf
  1563 | D:3      | Reached skill level 1 in Conjurations
  1563 | D:3      | Reached skill level 1 in Hexes
  1563 | D:3      | Reached skill level 1 in Summonings
  1563 | D:3      | Reached skill level 1 in Necromancy
  1563 | D:3      | Reached skill level 1 in Translocations
  1563 | D:3      | Reached skill level 1 in Fire Magic
  1563 | D:3      | Reached skill level 1 in Ice Magic
  1563 | D:3      | Reached skill level 1 in Air Magic
  1563 | D:3      | Reached skill level 1 in Earth Magic
  1563 | D:3      | Reached skill level 1 in Alchemy
  1904 | D:3      | Noticed Sigmund
  1916 | D:3      | Killed Sigmund
  1917 | D:3      | Reached skill level 5 in Dodging
  1917 | D:3      | Reached XP level 5. HP: 23/41 MP: 5/7
  1917 | D:3      | Reached XP level 6. HP: 26/47 MP: 5/8
  2001 | D:3      | Found a broken altar of Ashenzari.
  2136 | D:3      | Noticed Robin
  2179 | D:3      | Killed Robin
  2243 | D:3      | Found a glowing silver altar of Zin.
  2592 | D:5      | Entered Level 5 of the Dungeon
  2614 | D:4      | Found a staircase to the Ecumenical Temple.
  2666 | Temple   | Entered the Ecumenical Temple
  2695 | Temple   | Became a worshipper of the Wu Jian Council
  3250 | D:5      | Reached XP level 7. HP: 52/52 MP: 10/10
  4037 | D:5      | Reached * piety under Wu Jian
  4038 | D:5      | Reached XP level 8. HP: 60/60 MP: 12/12
  4309 | D:6      | Found a shimmering altar of Xom.
  4311 | D:6      | Found an ancient bone altar of Kikubaaqudgha.
  4311 | D:6      | Found an iron altar of Okawaru.
  4387 | D:6      | HP: 3/60 [orc warrior/+0 mace (16)]
  4388 | D:6      | Slain by an orc warrior

Illustrated notes

Levels and vault maps discovered:
D:1:      roderic_dead_forest, layout_basic, st_stairs_1
D:2:      layout_basic
D:3:      layout_basic, zin_scriptorium, evilmike_ruin_ashenzari, uniq_sigmund,
          uniq_robin, uniq_crazy_yiuf_cottage
D:4:      layout_loops_cross, minmay_temple_entry_glassed_door
D:5:      cheibrodos_quashed, layout_basic, nicolae_wormholes
D:6:      layout_loops_ring, grunt_temple_overflow_open
Temple:   nicolae_temple_bog_church

Skill      XL: |  1  2  3  4  5  6  7 |
---------------+----------------------+-----
Invocations    | 1 2 3 |  3.5
Short Blades   | 1 2 3 |  3.2
Long Blades    | 1 2 3 |  3.2
Axes           | 1 2 3 |  3.2
Maces & Flails | 1 2 3 |  3.2
Polearms       | 1 2 3 |  3.2
Staves         | 1 2 3 |  3.2
Ranged Weapons | 1 2 3 |  3.2
Throwing       | 1 2 3 |  3.2
Armour         | 1 2 3 |  3.2
Stealth        | 1 2 3 |  3.2
Shields        | 1 2 3 |  3.2
Spellcasting   | 1 2 3 |  3.2
Evocations     | 1 2 3 |  3.2
Conjurations   | 1 2 |  2.6
Hexes          | 1 2 |  2.6
Summonings     | 1 2 |  2.6
Necromancy     | 1 2 |  2.6
Translocations | 1 2 |  2.6
Fire Magic     | 1 2 |  2.6
Ice Magic      | 1 2 |  2.6
Air Magic      | 1 2 |  2.6
Earth Magic    | 1 2 |  2.6
Alchemy        | 1 2 |  2.6
Fighting       | 3 4 |  4.2
Dodging        | 5 |  5.6
Unarmed Combat | 7 |  7.3
Shapeshifting  | 7 |  7.2

Action                     |  1- 3 |  4- 6 |  7- 9 || total
---------------------------+-------+-------+-------++-------
  Melee: Unarmed           |    54 |    78 |   125 ||   257
         Bite              |     2 |     9 |    14 ||    25
         Punch             |     1 |     3 |     5 ||     9
  Throw: Boomerang         |       |     4 |     9 ||    13
Ability: Lunge             |       |     2 |    15 ||    17
         Whirlwind         |       |       |     2 ||     2
    Use: Scroll            |     3 |     4 |     1 ||     8
         Potion            |     1 |     2 |       ||     3
 Armour: Leather armour    |    15 |       |       ||    15
         Animal skin       |     3 |       |       ||     3
         Ring mail         |     6 |    36 |    65 ||   107
  Dodge: Dodged            |    37 |    36 |    76 ||   149
   Form: Beast             |       |     1 |       ||     1
         Flux              |       |     1 |       ||     1

Table legend: (Time is in decaauts)
 A = Elapsed time spent in this place.
 B = Non-inter-level travel time spent in this place.
 C = Inter-level travel time spent in this place.
 D = Time resting spent in this place.
 E = Time spent auto-exploring this place.
 F = Levels seen in this place.
 G = Mean time per level.
                   A        B        C        D        E       F      G
               +--------+--------+--------+--------+--------+-----+--------+
         Total |   4368 |   4202 |    166 |    242 |   2253 |   7 |  624.0 |
       Dungeon |   4317 |   4151 |    166 |    242 |   2253 |   6 |  719.5 |
        Temple |     50 |     50 |      0 |      0 |      0 |   1 |   50.0 |
               +--------+--------+--------+--------+--------+-----+--------+

Top non-repeatable levels by time:
     D:3: 1078 daAuts
     D:5: 988 daAuts
     D:4: 767 daAuts
     D:2: 734 daAuts
     D:1: 619 daAuts
     D:6: 129 daAuts
  Temple: 50 daAuts
